 Dungeon Crawl Stone Soup version 0.31.0-9-g3a7656b989 (webtiles) character file.

Game seed: 2698493772816858828

119 qw the Skirmisher (level 4, -1/25 HPs)
             Began as a Deep Elf Hunter on Feb 2, 2024.
             Slain by a sleepcap (7 damage)
             ... on level 4 of the Dungeon.
             The game lasted 00:00:06 (2647 turns).

qw the Skirmisher (Deep Elf Hunter)                 Turns: 2647, Time: 00:00:06

Health: -1/25      AC:  3    Str: 10    XL:     4   Next: 73%
Magic:  6/6        EV: 12    Int: 14    God:
Gold:   143        SH:  0    Dex: 18    Spells: 3/3 levels left

rFire   . . .        a - +0 shortbow (flame)
rCold   . . .        (shield currently unavailable)
rNeg    . . .        c - +0 leather armour
rPois   .            (no helmet)
rElec   .            (no cloak)
rCorr   .            (no gloves)
SInv    .            (no boots)
Will    .....        (no amulet)
Stlth   ++           (no ring)
HPRegen 0.24/turn    (no ring)
MPRegen 0.10/turn

%: no passive effects
@: no status effects
A: no striking features
a: no special abilities


You were on level 4 of the Dungeon.
You visited 1 branch of the dungeon, and saw 4 of its levels.

You collected 143 gold pieces.


   Skills:
 - Level 1.5 Fighting
 + Level 8.1 Ranged Weapons
 - Level 2.4 Dodging
 - Level 1.2 Stealth


You had 3 spell levels left.
You didn't know any spells.
Your spell library was empty.

Inventory:

Hand Weapons
 a - a +0 shortbow of flaming (weapon)
Armour
 c - a +0 leather armour (worn)
Wands
 h - a wand of paralysis (8)
 k - a wand of iceblast (8)
 l - a wand of mindburst (10)
Potions
 b - a potion of resistance {unknown}
 f - 2 potions of curing
 g - a potion of enlightenment {unknown}
 i - a potion of heal wounds {unknown}

Dungeon Overview and Level Annotations

Branches:
Dungeon (4/15)
 Temple: D:4-7

Altars:
Elyvilon


Message History

You swap places.
You see here a +0 spear.
There is a stone staircase leading down here.
You climb downwards.
Your summoned allies are left behind.
Found 8 stones.
There is a stone staircase leading up here.
There are monsters nearby!
Waypoint 3 assigned to D:4.
You shoot an arrow. The arrow hits the goblin.
The arrow burns the goblin.
You kill the goblin!
The ball python hisses angrily.
You shoot an arrow.
The arrow closely misses the ball python.
2637 ||| STAIRDANCE The ball python closely misses you. x2
You climb upwards.
There is a stone staircase leading down here.
You shoot an arrow. The arrow hits the ball python.
The arrow burns the ball python.
You kill the ball python!
You climb downwards.
The sleepcap releases spores at you.
There is a stone staircase leading up here.
You shoot an arrow.
The arrow hits the sleepcap but does no damage.
The sleepcap releases spores at you but does no damage.
You shoot an arrow. The arrow hits the sleepcap.
The arrow burns the sleepcap.
The sleepcap is lightly damaged.
The sleepcap releases spores at you but does no damage.
You shoot an arrow. The arrow hits the sleepcap!
The arrow burns the sleepcap.
The sleepcap is severely damaged.
The sleepcap releases spores at you.
You are engulfed in a cloud of soporific spores!
You fall asleep.
The sleepcap releases spores at you but does no damage.
The sleepcap releases spores at you!!
You wake up.
Ouch! That really hurt!
You shoot an arrow. The arrow hits the sleepcap.
The arrow burns the sleepcap.
The sleepcap is almost destroyed.
The sleepcap releases spores at you!
You die...

... ..... ...
..... #
#........ #.
##.#......
...###.(#......
#..............
#..............
#.....f@.......
.......##).....
....... .....
...#... .... ..
##.. ... # ###
##


You could see a sleepcap.

Vanquished Creatures
  Jessica (D:2)
  3 gnolls (D:3)
  3 adders
  A ribbon worm (D:3)
  An orc (D:3)
  3 ball pythons
  2 endoplasms (D:1)
  3 goblins
  4 hobgoblins
  3 kobolds
  A quokka (D:1)
  6 bats
  5 frilled lizards
  A rat (D:3)
37 creatures vanquished.

Notes
Turn   | Place    | Note
-------+----------+-------------------------------------------
     0 | D:1      | qw the Deep Elf Hunter began the quest for the Orb.
     0 | D:1      | Reached XP level 1. HP: 12/12 MP: 3/3
     0 | D:1      | 0 ||| qw: Version: 0.3-a-155-g5e7d8dd
     0 | D:1      | 0 ||| qw: Game counter: 915
     0 | D:1      | 0 ||| qw: Melee chars always use a shield: true
     0 | D:1      | 0 ||| qw: God list: Okawaru
     0 | D:1      | 0 ||| qw: Allow faded altars: false
     0 | D:1      | 0 ||| qw: Do Orc after clearing Dungeon:15 true
     0 | D:1      | 0 ||| qw: Do second Lair branch before Depths: true
     0 | D:1      | 0 ||| qw: Lair rune preference: random
     0 | D:1      | 0 ||| qw: Goals: Normal
     0 | D:1      | 0 ||| PLANNING D:1-11
   476 | D:1      | Reached XP level 2. HP: 16/16 MP: 4/4
   504 | D:1      | Reached skill level 6 in Ranged Weapons
   739 | D:1      | 739 ||| READING scroll labelled RUOTWUYGGI.
   739 | D:1      | 739 ||| IDENTIFYING 2 bubbling green potions
   740 | D:1      | 740 ||| READING scroll labelled YWOURU ALUIL.
   740 | D:1      | 740 ||| ENCHANTING +0 shortbow.
   741 | D:1      | 741 ||| DROPPING scroll of butterflies.
   809 | D:2      | Noticed Jessica
   815 | D:2      | Killed Jessica
   816 | D:2      | Reached XP level 3. HP: 20/20 MP: 5/5
  1005 | D:2      | Found a white marble altar of Elyvilon.
  1131 | D:2      | Found a faded altar of an unknown god.
  1176 | D:2      | Reached skill level 7 in Ranged Weapons
  1598 | D:2      | 1598 ||| READING scroll labelled ROH KIMMAP.
  1603 | D:2      | 1603 ||| READING scroll labelled CYVIEMMUCUO.
  1941 | D:3      | Reached XP level 4. HP: 25/25 MP: 6/6
  2184 | D:3      | Reached skill level 8 in Ranged Weapons
  2616 | D:3      | 2616 ||| READING scroll labelled QEAMUI XYATE.
  2617 | D:3      | 2617 ||| READING scroll labelled YSKYTE VYZOAJO.
  2618 | D:3      | 2618 ||| READING scroll labelled DUUMIPT YHOAN.
  2618 | D:3      | 2618 ||| BRANDING +0 shortbow.
  2637 | D:4      | 2637 ||| STAIRDANCE
  2646 | D:4      | HP: 5/25 [sleepcap (19)]
  2647 | D:4      | Slain by a sleepcap

Levels and vault maps discovered:
D:1:      minmay_arrival_hallway, layout_basic
D:2:      layout_loops_corners, basic_altar, shapermc_ecumenical_altar_petra,
          minivault_24, uniq_jessica
D:3:      layout_loops_ring, serial_bayou_pond_b
D:4:      layout_cave_pools, minmay_temple_entry_wispy, uniq_duvessa

Skill      XL: |  1  2  3  4 |
---------------+-------------+-----
Ranged Weapons | 6 7 8 |  8.1
Fighting       | |  1.5
Dodging        | |  2.4
Stealth        | |  1.2

Action                     |  1- 3 |  4- 6 || total
---------------------------+-------+-------++-------
   Fire: Shortbow          |    57 |    50 ||   107
    Use: Scroll            |     4 |     3 ||     7
 Armour: Leather armour    |    10 |    20 ||    30
  Dodge: Dodged            |     8 |    13 ||    21

Table legend:
 A = Non-vault XP
 B = Vault XP
 C = Vault XP percentage of total XP
 D = Non-vault monster count
 E = Vault monster count
 F = Vault count percentage of total count
                 A         B        C        D         E       F
            +---------+---------+-------+---------+---------+-------
      Total |     117 |      53 |  31.2 |      32 |       5 |  13.5
            +---------+---------+-------+---------+---------+-------
        D:1 |      14 |       0 |   0.0 |       9 |       0 |   0.0
        D:2 |      37 |      37 |  50.0 |       9 |       1 |  10.0
        D:3 |      64 |      16 |  20.0 |      13 |       4 |  23.5
        D:4 |       2 |       0 |   0.0 |       1 |       0 |   0.0
            +---------+---------+-------+---------+---------+-------
